 Dungeon Crawl Stone Soup version 0.29-a0-100-g60f898f876 (webtiles) character file.

Game seed: 12162281816560500521

39 Gargoyl the Skirmisher (level 3, -1/24 HPs)
             Began as a Gargoyle Abyssal Knight on Feb 14, 2022.
             Was a Follower of Lugonu.
             Slain by Terence (5 damage)
             ... on level 2 of the Dungeon.
             The game lasted 00:01:51 (2010 turns).

Gargoyl the Skirmisher (Gargoyle Abyssal Knight)    Turns: 2010, Time: 00:01:52

Health: -1/24      AC:  9    Str: 18    XL:     3   Next: 47%
Magic:  4/4        EV: 10    Int: 10    God:    Lugonu [*.....]
Gold:   53         SH:  0    Dex: 10    Spells: 2/2 levels left

rFire   . . .      SeeInvis .   a - +1 hand axe
rCold   + . .      Faith    .   (no shield)
rNeg    + . .      Spirit   .   j - +0 ring mail
rPois   ∞          Reflect  .   (no helmet)
rElec   +          Harm     .   c - +0 cloak
rCorr   .          Rampage  .   (no gloves)
Will    .....                   (no boots)
Stlth   ..........              (no amulet)
HPRegen 0.08/turn               e - ring of protection from cold
MPRegen 0.09/turn               (no ring)

@: invisible
A: sickness immunity, AC +3, negative energy resistance 1, electricity
resistance, torment resistance 1, petrification resistance
a: Renounce Religion, Depart the Abyss


You were on level 2 of the Dungeon.
You worshipped Lugonu.
Lugonu was aware of your devotion.
You visited 1 branch of the dungeon, and saw 3 of its levels.
You visited the Abyss 1 time.

You collected 53 gold pieces.

Inventory:

Hand Weapons
 a - a +1 hand axe (weapon)
Armour
 b - a +0 leather armour
 c - a +0 cloak (worn)
 j - a +0 ring mail (worn)
Jewellery
 e - a ring of protection from cold (left hand)
Scrolls
 g - 2 scrolls of teleportation {unknown}
 i - a scroll of silence {unknown}
 l - 2 scrolls of identify {unknown}
Potions
 f - a potion of ambrosia {unknown}
 h - a potion of heal wounds {unknown}
 k - 3 potions of curing {unknown}
 m - a potion of brilliance {unknown}
 n - a potion of flight {unknown}
 o - a potion of mutation {unknown}


   Skills:
 * Level 4.0 Fighting
 * Level 2.2 Axes
 + Level 2.4 Armour
 * Level 1.3 Dodging
 * Level 2.1 Invocations


You had 2 spell levels left.
You didn't know any spells.
Your spell library contained the following spells:

 Spells                   Type           Power      Damage    Failure   Level
 Animate Skeleton         Necr           0%         N/A       54%         1
 Pain                     Necr           0%         1d4       54%         1
 Slow                     Hex            0%         N/A       54%         1
 Confusing Touch          Hex            0%         N/A       89%         3
 Vampiric Draining        Necr           0%         2d6       89%         3


Dungeon Overview and Level Annotations

Branches:
Dungeon (3/15)

Altars:
Gozag

Annotations:
D:2 Terence


Innate Abilities, Weirdness & Mutations

You are immune to sickness and miasma.
Your stone body is resilient. (AC +3)
You are immune to poison.
You resist negative energy. (rN+)
You are resistant to electric shocks. (rElec)
You are resistant to unholy torment.
You are immune to petrification.


Message History

Done exploring.
Done exploring.
(D) Dungeon
Where to? (Enter - D:2, ? - help)
What level of the Dungeon? (default 1, ? - help)
There is an open door here.
There is an open door here.
There is an open door here.
There is a stone staircase leading down here.
You climb downwards.
Terence shouts!
Found a scroll labelled WAROFU KAMIMN.
There is a stone staircase leading up here.
Terence is nearby!
You hit Terence but do no damage. Terence misses you.
You closely miss Terence. Terence barely misses you.
You hit Terence but do no damage.
Terence hits you with a +1 flail of protection!
You barely miss Terence.
Terence hits you with a +1 flail of protection.
You barely miss Terence.
Terence shouts, "ATTACK!!!"
Terence hits you with a +1 flail of protection.
* * * LOW HITPOINT WARNING * * *
You hit Terence but do no damage. Terence closely misses you.
Terence hits you with a +1 flail of protection.
* * * LOW HITPOINT WARNING * * *
There is a stone staircase leading up here.
Terence hits you but does no damage.
You climb upwards.
There is a stone staircase leading down here.
Okay, then.
It was a potion of invisibility.
You fade into invisibility!
Terence misses you.
Terence shouts, "Get ready for death!"
Terence closely misses you.
There is a stone staircase leading up here.
Terence hits you with a +1 flail of protection.
You die...

#.P###.......#.#####.#...........
#..#..>......#.#.P.#.#...........
#.##......#..+.#P..#.##..##..###.
####.........##########..##......
# ###'##.#.######### #..##..###.
# #.##.####.##...# #.......... ##
#.##.........### #.###...... .#
#.#######.##@# #.#.#.##.##
.#####.# #..@.# #...#.#....
.'.....# #.##.# ####.#.#...#
.####### ####.##.# #........#.#
.# #...###############.#.# .#
#.#.#..###...######.#.# ##
#.#.#.## ..P.. #...(..#
#.#.#.##########.......
#.#.#.#.........##.....
#.#.#.#......#..##....(


You could see Terence.

Vanquished Creatures
  A dart slug (D:1)
  3 endoplasms
  A giant cockroach (D:1)
  4 hobgoblins (D:1)
  2 jackals (D:1)
  4 quokkas
  6 ball pythons (D:1)
  7 bats
  2 kobolds
  4 rats (D:1)
34 creatures vanquished.

Notes
Turn   | Place    | Note
-------+----------+-------------------------------------------
     0 | Abyss:1  | Gargoyl the Gargoyle Abyssal Knight began the quest for the
                  | Orb.
     0 | Abyss:1  | Reached XP level 1. HP: 14/14 MP: 2/2
     0 | D:1      | Escaped the Abyss
   160 | D:1      | Reached XP level 2. HP: 20/20 MP: 3/3
   189 | D:1      | Reached * piety under Lugonu
   524 | D:1      | Reached skill level 1 in Dodging
   524 | D:1      | Reached XP level 3. HP: 24/24 MP: 4/4
   733 | D:1      | Found a faded altar of an unknown god.
  1185 | D:2      | Reached skill level 4 in Fighting
  1508 | D:2      | Found an opulent altar of Gozag.
  1983 | D:3      | Noticed Terence
  2010 | D:2      | Slain by Terence

Illustrated notes

Levels and vault maps discovered:
D:1:      amcnicky_arrival_wind_blow, layout_loops_ring,
          hellmonk_ecumenical_altar_pennies_from_heaven
D:2:      layout_basic, basic_altar, serial_aquarium, aquarium_bridge_square
          [aquarium_subvault_bridge, aquarium_subvault_bridge,
          aquarium_subvault_window, aquarium_subvault_balcony],
          aquarium_bridge_straight [aquarium_subvault_bridge,
          aquarium_subvault_window, aquarium_subvault_bridge,
          aquarium_subvault_wall], aquarium_window_1, aquarium_window_2,
          aquarium_window_corner, aquarium_view_2f, aquarium_balcony_5b,
          aquarium_pool_double, minivault_25
D:3:      layout_loops_cross, nicolae_uskayaw_en_pointe, st_stairs_7,
          uniq_terence

Skill      XL: |  1  2  3 |
---------------+----------+-----
Axes           | 2 |  2.2
Dodging        | 1 |  1.3
Fighting       | 4 |  4.0
Armour         | |  2.4
Invocations    | |  2.1

Action                   || total
-------------------------++-------
Melee: Hand axe          ||   128
       Punch             ||     1
Invok: Depart the Abyss  ||     1
  Use: Potion            ||     1
Armor: Leather armour    ||    38
       Ring mail         ||    26
Dodge: Dodged            ||    93

Table legend: (Time is in decaauts)
 A = Elapsed time spent in this place.
 B = Non-inter-level travel time spent in this place.
 C = Inter-level travel time spent in this place.
 D = Time resting spent in this place.
 E = Time spent auto-exploring this place.
 F = Levels seen in this place.
 G = Mean time per level.
                   A        B        C        D        E       F      G
               +--------+--------+--------+--------+--------+-----+--------+
         Total |   2037 |   1942 |     95 |      0 |   1565 |   4 |  509.2 |
       Dungeon |   2037 |   1942 |     95 |      0 |   1565 |   3 |  679.0 |
         Abyss |      0 |      0 |      0 |      0 |      0 |   1 |    0.0 |
               +--------+--------+--------+--------+--------+-----+--------+

Top non-repeatable levels by time:
     D:1: 1192 daAuts
     D:2: 833 daAuts
     D:3: 10 daAuts
